 Dungeon Crawl Stone Soup version 0.21.0-37-g46506fa (webtiles) character file.

109 garbagetei the Firebug (level 4, 0/24 HPs)
             Began as a Deep Elf Fire Elementalist on Jan 31, 2018.
             Was an Initiate of Vehumet.
             Killed from afar by a white imp (7 damage)
             ... with a puff of frost
             ... summoned by Natasha
             ... on level 2 of the Dungeon.
             The game lasted 00:05:43 (2074 turns).

garbagetei the Firebug (Deep Elf Fire Elementalist) Turns: 2074, Time: 00:05:44

Health: 0/24       AC:  2    Str:  5    XL:     4   Next: 60%
Magic:  11/11      EV: 13    Int: 21    God:    Vehumet [......]
Gold:   99         SH:  0    Dex: 15    Spells: 2/10 levels left

rFire    . . .     SeeInvis .   (no weapon)
rCold    . . .     Gourm    .   (no shield)
rNeg     . . .     Faith    .   a - +0 robe
rPois    .         Spirit   .   (no helmet)
rElec    .         Reflect  .   (no cloak)
rCorr    .         Harm     .   (no gloves)
MR       .....                  (no boots)
Stlth    ++........             (no amulet)
HPRegen  0.08/turn              (no ring)
MPRegen  0.12/turn              (no ring)

@: no status effects
A: no striking features
a: Renounce Religion


You were on level 2 of the Dungeon.
You worshipped Vehumet.
Vehumet was noncommittal.
You were hungry.

You visited 1 branch of the dungeon, and saw 3 of its levels.

You collected 99 gold pieces.

Inventory:

Armour
 a - a +0 robe (worn)
 m - the +9 ice dragon scales of Kindness {rF- rC++ SInv, unknown}
   (You found it on level 2 of the Dungeon)

   It makes you vulnerable to fire.
   It greatly protects you from cold.
   It lets you see invisible.
 n - a +0 pair of gloves
Scrolls
 e - a scroll of random uselessness {unknown}
 g - a scroll of teleportation {unknown}
 h - 2 scrolls of remove curse
 i - a scroll of blinking {unknown}
 k - a scroll of fear {unknown}
 l - a scroll of enchant weapon {unknown}
Potions
 d - a potion of agility
 f - a potion of heal wounds {unknown}
 j - a potion of degeneration
Books
 b - a book of Flames

   Spells                             Type                      Level
   a - Flame Tongue                   Conjuration/Fire             1
   b - Throw Flame                    Conjuration/Fire             2
   c - Conjure Flame                  Conjuration/Fire             3
   d - Inner Flame                    Hexes/Fire                   3
   e - Sticky Flame                   Conjuration/Fire             4
   f - Fireball                       Conjuration/Fire             5
Comestibles
 c - 3 rations


   Skills:
 - Level 2.5 Dodging
 - Level 2.4 Stealth
 + Level 3.9 Spellcasting
 * Level 2.4 Conjurations
 * Level 5.0 Fire Magic


You had 2 spell levels left.
You knew the following spells:

 Your Spells              Type           Power        Failure   Level  Hunger
a - Flame Tongue          Conj/Fire      ###..        2%          1    None
b - Conjure Flame         Conj/Fire      ###.....     8%          3    ###....
c - Sticky Flame          Conj/Fire      ###.....     26%         4    ####...


Dungeon Overview and Level Annotations

Branches:
Dungeon (3/15)

Altars:
Cheibriados
Nemelex Xobeh
Vehumet

Annotations:
D:2 Natasha


Message History

There is a sparkling altar of Nemelex Xobeh here.
There is an open door here.
There is a stone staircase leading down here.
Found a pair of gloves.
You now have 99 gold pieces (gained 9).
You are feeling hungry.
Natasha mumbles some strange words.
Natasha casts a spell.
You see here a pair of gloves.
n - a pair of gloves Natasha stares at you and mumbles some strange words.
You resist with some effort. Natasha casts a spell at you.
The magic dart hits you! The white imp gestures at you.
The puff of frost hits you!
* * * LOW HITPOINT WARNING * * *
The white imp gestures at you. The puff of frost hits you!
You die...

...........###...##
....#.#...#...# ###..#
.........#_#.##
##.####
.........5#...# #....#
..............# ####.#
... .........# #.# . .
......h..# #.## ..
.........#########..#
........5..@.....##.##
.......#########..#..#
......# ##....# ....##
###### .##. . .


You could see Natasha and a white imp.

Vanquished Creatures
  Natasha (D:2)
  3 adders (D:2)
  An ooze (D:2)
  A worm (D:3)
  3 dart slugs
  2 leopard geckos (D:2)
  2 giant cockroaches
  8 goblins
  7 hobgoblins
  6 kobolds
  A ball python (D:1)
  4 bats
  4 frilled lizards
  3 rats
46 creatures vanquished.

Notes
Turn   | Place    | Note
-------+----------+-------------------------------------------
     0 | D:1      | garbagetei the Deep Elf Fire Elementalist began the quest for the Orb.
     0 | D:1      | Reached XP level 1. HP: 10/10 MP: 6/6
     3 | D:1      | Noticed an electric eel
     3 | D:1      | Noticed an electric eel
   204 | D:1      | Reached XP level 2. HP: 15/15 MP: 5/8
   546 | D:1      | Reached skill level 4 in Fire Magic
   862 | D:2      | Reached XP level 3. HP: 19/19 MP: 6/9
   868 | D:2      | Learned a level 3 spell: Conjure Flame
   886 | D:2      | Found a snail-covered altar of Cheibriados.
  1317 | D:2      | Found a radiant altar of Vehumet.
  1322 | D:2      | Became a worshipper of Vehumet
  1400 | D:2      | Noticed Natasha
  1435 | D:2      | Reached XP level 4. HP: 22/24 MP: 7/11
  1495 | D:2      | Learned a level 4 spell: Sticky Flame
  1544 | D:2      | Killed Natasha
  1735 | D:2      | Reached skill level 5 in Fire Magic
  1745 | D:2      | Found a faded altar of an unknown god.
  1795 | D:2      | Noticed Natasha
  1998 | D:2      | Found a sparkling altar of Nemelex Xobeh.
  1998 | D:2      | Found a transporter.
  2018 | D:2      | Got bronze ice dragon scales
  2074 | D:2      | Killed from afar by a white imp

Skill      XL: |  1  2  3  4 |
---------------+-------------+-----
Fire Magic     | 4 5 |  5.0
Conjurations   | 2 |  2.4
Dodging        | |  2.5
Stealth        | |  2.4
Spellcasting   | |  3.9

Action                   |  1- 3 |  4- 6 || total
-------------------------+-------+-------++-------
Melee: Unarmed           |     3 |     3 ||     6
 Cast: Flame Tongue      |    55 |    25 ||    80
       Sticky Flame      |       |     1 ||     1
  Use: Scroll            |       |     3 ||     3
  Eat: Chunk             |     1 |     2 ||     3
Armor: Robe              |     2 |    12 ||    14
Dodge: Dodged            |    21 |    31 ||    52
